 Dungeon Crawl Stone Soup version 0.31-a0-702-gf82c85558f (webtiles) character file.

Game seed: 16498436146046598129

149 qw the Shooter (level 5, -11/32 HPs)
             Began as a Gargoyle Hunter on Sept 8, 2023.
             Killed by divine providence
             ... invoked by an orc priest
              (12 damage)
             ... on level 4 of the Dungeon.
             The game lasted 00:01:07 (2347 turns).

qw the Shooter (Gargoyle Hunter)                    Turns: 2347, Time: 00:01:07

Health: -11/32     AC: 13    Str: 13 (15) XL:     5   Next: 31%
Magic:  5/5        EV: 10    Int:  7 (9)  God:
Gold:   48         SH:  0    Dex: 13 (15) Spells: 4/4 levels left

rFire   . . .        Y - +6 sling
rCold   . . .        (no shield)
rNeg    + . .        i - +0 ring mail
rPois   inf          f - +0 helmet
rElec   +            k - +0 cloak
rCorr   .            d - +1 pair of gloves
SInv    .            (no boots)
Will    .....        c - amulet of faith
Stlth   +            (no ring)
HPRegen 0.25/turn    (no ring)
MPRegen 0.09/turn

%: faith
@: about to teleport
A: sickness immunity, AC +4, negative energy resistance 1, electricity
resistance, torment resistance 1, petrification resistance
a: no special abilities


You were on level 4 of the Dungeon.
You visited 1 branch of the dungeon, and saw 4 of its levels.

You collected 219 gold pieces.
You spent 171 gold pieces at shops.


Innate Abilities, Weirdness & Mutations

You are immune to sickness and miasma.
Your stone body is resilient. (AC +4)
You are immune to poison.
You resist negative energy. (rN+)
You are resistant to electric shocks. (rElec)
You are resistant to unholy torment.
You are immune to petrification.


   Skills:
 - Level 3.1 Fighting
 + Level 5.9 Ranged Weapons
 - Level 1.1 Armour
 - Level 1.5 Dodging
 - Level 1.1 Stealth


You had 4 spell levels left.
You didn't know any spells.
Your spell library was empty.

Inventory:

Hand Weapons
 Y - a +6 sling (weapon)
Armour
 d - a +1 pair of gloves (worn)
 f - a +0 helmet (worn)
 i - a +0 ring mail (worn)
 k - a +0 cloak (worn)
Jewellery
 c - an amulet of faith (around neck)
Scrolls
 o - a scroll of identify
Potions
 b - a potion of magic {unknown}
 e - a potion of curing {unknown}
 h - a potion of mutation {unknown}
 m - 2 potions of cancellation {unknown}
 r - a potion of attraction {unknown}

Dungeon Overview and Level Annotations

Branches:
Dungeon (4/15)
 Temple: D:4-7

Altars:
Elyvilon

Shops:
D:3 ?*?=*(


Message History

The orc priest looks satisfied for a moment.
You shoot a sling bullet.
The sling bullet barely misses the orc priest.
The goblin shouts!
You shoot a sling bullet.
The sling bullet barely misses the orc priest.
The orc priest looks satisfied for a moment. x2
Enter note:
Enter note:
2341 |||
Found retreat position at 6,5 (floor) with 0 blocking monsters and 1 monsters attacking at destination at distance 7
2341 ||| Stepping ~*~*~tactically~*~*~ (retreating).
Enter note:
Enter note:
2342 |||
Found retreat position at 5,6 (floor) with 0 blocking monsters and 3 monsters attacking at destination at distance 6
2342 ||| Stepping ~*~*~tactically~*~*~ (retreating).
The orc priest hits you but does no damage.
2343 |||
Found retreat position at 4,5 (floor) with 0 blocking monsters and 2 monsters attacking at destination at distance 5
2343 ||| Stepping ~*~*~tactically~*~*~ (retreating).
The orc wizard casts a spell at you.
The magic dart hits you but does no damage.
The orc priest casts a cantrip, but nothing happens.
The goblin closely misses you.
2344 |||
Found retreat position at 3,4 (floor) with 0 blocking monsters and 2 monsters attacking at destination at distance 4
2344 ||| Stepping ~*~*~tactically~*~*~ (retreating).
The orc priest invokes the aid of Beogh against you.
Beogh smites you!
2345 |||
Found retreat position at 2,3 (floor) with 0 blocking monsters and 2 monsters attacking at destination at distance 3
2345 ||| Stepping ~*~*~tactically~*~*~ (retreating).
The orc priest hits you with a +0 morningstar!
2346 |||
Found retreat position at 1,2 (floor) with 0 blocking monsters and 2 monsters attacking at destination at distance 2
2346 ||| Stepping ~*~*~tactically~*~*~ (retreating).
The orc priest mumbles some strange prayers to Beogh against you.
Beogh smites you!
2347 |||
Found retreat position at 0,1 (floor) with 0 blocking monsters and 2 monsters attacking at destination at distance 1
2347 ||| READING scroll of teleportation.
As you read the scroll of teleportation, it crumbles to dust.
You feel strangely unstable.
The orc priest invokes the aid of Beogh against you.
Beogh smites you!
You die...

.....................
>....................
.............#........
##..........#.).....#
#...................#
........<........#.##
...........o.......##
..........ooo........
............#@[.#....
...../...o..#.#......
###..........##...#$.
#...#............#
....##........#.##
#..#......#
o..#...#.## # #...###
#...


You could see 2 orc priests, an orc wizard and an orc.

Vanquished Creatures
  Robin (D:2)
  3 gnolls (D:2)
  2 adders (D:2)
  A worm (D:2)
  A dart slug (D:4)
  7 ball pythons
  9 endoplasms
  5 giant cockroaches
  18 goblins
  4 hobgoblins
  8 jackals
  3 quokkas
  7 bats
  3 frilled lizards
  2 kobolds
  2 rats
76 creatures vanquished.

Notes
Turn   | Place    | Note
-------+----------+-------------------------------------------
     0 | D:1      | qw the Gargoyle Hunter began the quest for the Orb.
     0 | D:1      | Reached XP level 1. HP: 12/12 MP: 1/1
     0 | D:1      | 0 ||| qw: Version: 0.3-a-76-g4403597
     0 | D:1      | 0 ||| qw: Game counter: 1017
     0 | D:1      | 0 ||| qw: Melee chars always use a shield: true
     0 | D:1      | 0 ||| qw: God list: Okawaru
     0 | D:1      | 0 ||| qw: Allow faded altars: false
     0 | D:1      | 0 ||| qw: Do Orc after clearing Dungeon:15 true
     0 | D:1      | 0 ||| qw: Do second Lair branch before Depths: true
     0 | D:1      | 0 ||| qw: Lair rune preference: random
     0 | D:1      | 0 ||| qw: Goals: Normal
     0 | D:1      | 0 ||| PLANNING D:1-11
   154 | D:1      | Reached XP level 2. HP: 17/17 MP: 2/2
   266 | D:1      | Reached XP level 3. HP: 21/21 MP: 3/3
   304 | D:1      | Reached skill level 5 in Ranged Weapons
   645 | D:1      | 645 ||| UPGRADING to +1 pair of gloves.
   650 | D:1      | 650 ||| UPGRADING to +0 helmet.
   655 | D:1      | 655 ||| UPGRADING to +0 ring mail.
   665 | D:1      | 665 ||| DROPPING +0 leather armour.
   666 | D:1      | 666 ||| DRINKING 2 bubbling blue potions.
   667 | D:1      | 667 ||| DROPPING scroll of butterflies.
   702 | D:2      | 702 ||| RETREATING.
   711 | D:2      | 711 ||| Stepping ~*~*~tactically~*~*~ (retreating).
   712 | D:2      | 712 ||| Stepping ~*~*~tactically~*~*~ (retreating).
   714 | D:2      | HP: 5/22 [gnoll/+1 flail of draining (3)]
   715 | D:2      | 715 ||| DRINKING potion of heal wounds.
   717 | D:2      | Reached skill level 1 in Armour
   721 | D:2      | Reached skill level 3 in Fighting
   721 | D:2      | Reached XP level 4. HP: 9/28 MP: 4/4
   721 | D:2      | 721 ||| FLEEEEING.
   730 | D:2      | 730 ||| STAIRDANCE
   985 | D:2      | Found a white marble altar of Elyvilon.
  1061 | D:2      | 1061 ||| SWAPPING to +6 sling.
  1068 | D:2      | 1068 ||| DROPPING +0 shortbow.
  1084 | D:2      | Noticed Robin
  1097 | D:2      | 1097 ||| Stepping ~*~*~tactically~*~*~ (outnumbered).
  1110 | D:2      | Killed Robin
  1110 | D:2      | HP: 3/28 [worm (9)]
  1111 | D:2      | Reached XP level 5. HP: 4/32 MP: 5/5
  1111 | D:2      | 1111 ||| DRINKING potion of heal wounds.
  1309 | D:2      | 1309 ||| UPGRADING to +0 cloak.
  1314 | D:2      | 1314 ||| UPGRADING to amulet of faith.
  1319 | D:2      | 1319 ||| READING scroll labelled XOTIOL VYASYAH.
  1324 | D:2      | 1324 ||| READING scroll labelled HEORAD DECH.
  1373 | D:3      | Found Emor's Weapon Boutique.
  1416 | D:3      | 1416 ||| FLEEEEING.
  1466 | D:3      | Found Soebac's Assorted Antiques.
  1473 | D:3      | Found Cotehed's Magic Scroll Shop.
  1475 | D:3      | 1475 ||| BUYING bone wand (80 gold).
  1475 | D:3      | Bought a bone wand for 80 gold pieces
  1475 | D:3      | 1475 ||| SHOPLISTING heavily runed ring mail (180 gold,
                  | have 80).
  1475 | D:3      | 1475 ||| BUYING scroll labelled HAIROHI GIGOSK (20 gold).
  1475 | D:3      | Bought a scroll labelled HAIROHI GIGOSK for 20 gold pieces
  1475 | D:3      | 1475 ||| BUYING viscous ruby potion (18 gold).
  1475 | D:3      | Bought a viscous ruby potion for 18 gold pieces
  1486 | D:3      | 1486 ||| SHOPLISTING 2 scrolls of identify (56 gold, have
                  | 42).
  1486 | D:3      | 1486 ||| SHOPLISTING scroll of enchant armour (105 gold,
                  | have 42).
  1486 | D:3      | 1486 ||| BUYING scroll of identify (28 gold).
  1486 | D:3      | Bought a scroll of identify for 28 gold pieces
  1486 | D:3      | 1486 ||| SHOPLISTING scroll of identify (28 gold, have 14).
  1493 | D:3      | Found Ughuff's Jewellery Boutique.
  1507 | D:3      | 1507 ||| SHOPLISTING +4 ring of protection (468 gold, have
                  | 30).
  1507 | D:3      | 1507 ||| SHOPLISTING +4 ring of slaying (1014 gold, have
                  | 30).
  1507 | D:3      | 1507 ||| SHOPLISTING amulet of the acrobat (390 gold, have
                  | 30).
  1507 | D:3      | 1507 ||| SHOPLISTING ring of protection from fire (325
                  | gold, have 30).
  1507 | D:3      | 1507 ||| SHOPLISTING ring of see invisible (195 gold, have
                  | 30).
  1611 | D:3      | Found Jorr's Assorted Antiques.
  1623 | D:3      | 1623 ||| SHOPLISTING emerald ring (125 gold, have 30).
  1623 | D:3      | 1623 ||| SHOPLISTING potion of heal wounds (125 gold, have
                  | 30).
  1623 | D:3      | 1623 ||| BUYING scroll labelled ISSACEGEHO (25 gold).
  1623 | D:3      | Bought a scroll labelled ISSACEGEHO for 25 gold pieces
  1648 | D:3      | Found The Oracle's Delphic Readings.
  1661 | D:3      | 1661 ||| SHOPLISTING scroll of enchant armour (97 gold,
                  | have 5).
  1995 | D:3      | 1995 ||| READING scroll labelled HAIROHI GIGOSK.
  2096 | D:3      | 2096 ||| READING scroll labelled WUALUCSAAWU.
  2097 | D:3      | 2097 ||| READING scroll labelled KOSAYSHRERGH.
  2098 | D:3      | 2098 ||| READING scroll labelled ISSACEGEHO.
  2099 | D:3      | 2099 ||| DRINKING 3 viscous pink potions.
  2100 | D:3      | 2100 ||| DRINKING 2 dark potions.
  2134 | D:3      | 2134 ||| DROPPING 2 potions of degeneration.
  2135 | D:3      | 2135 ||| DROPPING potion of lignification.
  2136 | D:3      | 2136 ||| DROPPING wand of charming (4).
  2160 | D:4      | 2160 ||| Stepping ~*~*~tactically~*~*~ (outnumbered).
  2161 | D:4      | 2161 ||| Stepping ~*~*~tactically~*~*~ (outnumbered).
  2163 | D:4      | 2163 ||| RETREATING.
  2166 | D:4      | 2166 ||| Stepping ~*~*~tactically~*~*~ (retreating).
  2167 | D:4      | 2167 ||| Stepping ~*~*~tactically~*~*~ (retreating).
  2168 | D:4      | 2168 ||| Stepping ~*~*~tactically~*~*~ (retreating).
  2169 | D:4      | 2169 ||| Stepping ~*~*~tactically~*~*~ (outnumbered).
  2176 | D:4      | HP: 6/32 [goblin/+0 club (3)]
  2177 | D:4      | 2177 ||| READING 2 scrolls of teleportation.
  2178 | D:4      | 2178 ||| Stepping ~*~*~tactically~*~*~ (outnumbered).
  2179 | D:4      | 2179 ||| Stepping ~*~*~tactically~*~*~ (retreating).
  2341 | D:4      | 2341 ||| Stepping ~*~*~tactically~*~*~ (retreating).
  2342 | D:4      | 2342 ||| Stepping ~*~*~tactically~*~*~ (retreating).
  2343 | D:4      | 2343 ||| Stepping ~*~*~tactically~*~*~ (retreating).
  2344 | D:4      | 2344 ||| Stepping ~*~*~tactically~*~*~ (retreating).
  2345 | D:4      | 2345 ||| Stepping ~*~*~tactically~*~*~ (retreating).
  2346 | D:4      | 2346 ||| Stepping ~*~*~tactically~*~*~ (retreating).
  2346 | D:4      | HP: 1/32 [orc priest/divine providence (14)]
  2347 | D:4      | 2347 ||| READING scroll of teleportation.
  2347 | D:4      | Killed from afar by an orc priest

Levels and vault maps discovered:
D:1:      dpeg_arrival_orchard, layout_basic, serial_corexii_hall,
          corexii_hall_statues_x, corexii_hall_statues_i
D:2:      kennysheep_big_flooded_room, layout_rooms, basic_altar,
          nicolae_grassy_gnolls, uniq_robin
D:3:      layout_basic, serial_shops, shop, shop, shop,
          nicolae_shop_gaudy_bauble, shop, skrybe_limestone_x,
          nicolae_nh_oracle_at_delphi
D:4:      layout_cave_pools, lemuel_temple_firewalk_b

Skill      XL: |  1  2  3 |
---------------+----------+-----
Ranged Weapons | 5 |  5.9
Armour         | 1 |  1.1
Fighting       | 3 |  3.1
Dodging        | |  1.5
Stealth        | |  1.1

Action                     |  1- 3 |  4- 6 || total
---------------------------+-------+-------++-------
   Fire: Shortbow          |   105 |    38 ||   143
         Sling             |       |    91 ||    91
    Use: Potion            |     2 |     3 ||     5
         Scroll            |       |     8 ||     8
 Armour: Leather armour    |    32 |       ||    32
         Ring mail         |    11 |   103 ||   114
  Dodge: Dodged            |    33 |    83 ||   116

Table legend:
 A = Non-vault XP
 B = Vault XP
 C = Vault XP percentage of total XP
 D = Non-vault monster count
 E = Vault monster count
 F = Vault count percentage of total count
                 A         B        C        D         E       F
            +---------+---------+-------+---------+---------+-------
      Total |     125 |      88 |  41.3 |      58 |      18 |  23.7
            +---------+---------+-------+---------+---------+-------
        D:1 |      49 |       0 |   0.0 |      28 |       0 |   0.0
        D:2 |      44 |      85 |  65.9 |      13 |      16 |  55.2
        D:3 |      19 |       3 |  13.6 |      11 |       2 |  15.4
        D:4 |      13 |       0 |   0.0 |       6 |       0 |   0.0
            +---------+---------+-------+---------+---------+-------
